 Dungeon Crawl Stone Soup version 0.22.0-76-g6cd1571672 (webtiles) character file.

16 JedernureinKreuz the Conjurer (level 2, -5/19 HPs)
             Began as a Vampire Conjurer on Sept 15, 2018.
             Slain by an orc
             ... wielding a +0 trident
              (8 damage)
             ... on level 3 of the Dungeon.
             The game lasted 00:03:34 (1101 turns).

JedernureinKreuz the Conjurer (Vampire Conjurer)    Turns: 1101, Time: 00:03:34

Health: -5/19      AC:  3    Str:  7    XL:     2   Next: 37%
Magic:  2/5        EV:  9    Int: 17    God:
Gold:   83         SH:  8    Dex: 14    Spells: 4/5 levels left

rFire    . . .     SeeInvis +   b - +0 dagger
rCold    + . .     Gourm    .   k - +2 shield
rNeg     + + .     Faith    .   f - +0 leather armour
rPois    +         Spirit   .   (no helmet)
rElec    .         Reflect  .   (no cloak)
rCorr    .         Harm     .   (no gloves)
MR       .....                  (no boots)
Stlth    +++.......             (no amulet)
HPRegen  0.03/turn              (no ring)
MPRegen  0.09/turn              (no ring)

@: very slightly contaminated, regenerating slowly
A: fangs 3, see invisible, unbreathing
a: no special abilities


You were on level 3 of the Dungeon.
You were thirsty.

You visited 1 branch of the dungeon, and saw 3 of its levels.

You collected 83 gold pieces.

Inventory:

Hand Weapons
 b - a +0 dagger (weapon)
Missiles
 l - 19 stones (quivered)
Armour
 a - a +0 robe
 f - a +0 leather armour (worn)
 k - a +2 shield (worn)
Scrolls
 d - 5 scrolls of remove curse {unknown}
 e - 2 scrolls of teleportation {unknown}
 g - 3 scrolls of identify {unknown}
 h - a scroll of fog {unknown}
 j - 2 scrolls of amnesia {unknown}
Potions
 c - 6 potions of blood
 i - 2 potions of invisibility {unknown}
 m - a potion of curing {unknown}


   Skills:
 + Level 0.2 Armour
 + Level 2.4 Dodging
 + Level 3.1 Stealth
 + Level 2.0 Spellcasting
 + Level 3.2 Conjurations


You had 4 spell levels left.
You knew the following spells:

 Your Spells              Type           Power        Failure   Level  Hunger
a - Magic Dart            Conj           ##..         45%         1    #......

Your spell library contained the following spells:

 Spells                   Type           Power        Failure   Level  Hunger
 Searing Ray              Conj           ##....       61%         2    ###....
 Dazzling Spray           Conj/Hex       #.....       97%         3    ###....
 Iskenderun's Mystic Bla  Conj           ##......     99%         4    #####..
 Force Lance              Conj/Tloc      #.......     100%        4    #####..
 Fulminant Prism          Conj/Hex       #.........   100%        4    #####..


Dungeon Overview and Level Annotations

Branches:
Dungeon (3/15)

Altars:


Innate Abilities, Weirdness & Mutations

You heal slowly.
You have razor-sharp teeth.
You have supernaturally acute eyesight. (SInv)
You can survive without breathing.


Message History

You hit the orc but do no damage. The orc hits you with a trident.
You hit the orc but do no damage. The orc hits you with a trident.
You hit the orc but do no damage. The orc barely misses you.
You closely miss the orc. The orc hits you with a trident.
* * * LOW HITPOINT WARNING * * *
You barely miss the orc. The orc completely misses you.
You completely miss the orc. You closely miss the orc.
You block the orc's attack.
Your shield prevents you from hitting the orc.
The orc hits you but does no damage. The orc barely misses you.
You closely miss the orc. You block the orc's attack.
You hit the orc.
The orc is lightly wounded.
You block the orc's attack.
You hit the orc but do no damage. You closely miss the orc.
You block the orc's attack.
You hit the orc but do no damage. You block the orc's attack. x2
You closely miss the orc. Your bite misses the orc.
The orc hits you with a trident!
You die...

#. . .
.## ###
#..
...#.#
##.#.#
#...<#
......#@#
...#. #o#
. # #..
....
#####


You could see an orc.

Vanquished Creatures
  3 giant cockroaches
  2 goblins
  2 hobgoblins
  A quokka (D:2)
  2 bats (D:1)
  A frilled lizard (D:1)
  3 rats
14 creatures vanquished.

Notes
Turn   | Place    | Note
-------+----------+-------------------------------------------
     0 | D:1      | JedernureinKreuz the Vampire Conjurer began the quest for
                  | the Orb.
     0 | D:1      | Reached XP level 1. HP: 13/13 MP: 3/3
   496 | D:1      | Reached XP level 2. HP: 19/19 MP: 3/5
  1101 | D:3      | Slain by an orc

Skill      XL: |  1 |
---------------+----+-----
Conjurations   | 3 |  3.2
Armour         | |  0.2
Dodging        | |  2.4
Stealth        | |  3.1
Spellcasting   | |  2.0

Action                   || total
-------------------------++-------
Melee: Dagger            ||    61
       Unarmed           ||     6
       Bite              ||     6
 Cast: Magic Dart        ||    24
 Stab: Sleeping          ||     1
Armor: Robe              ||    10
       Leather armour    ||     8
Dodge: Dodged            ||    31
Block: Shield            ||    18
